 Dungeon Crawl Stone Soup version 0.26-a0-665-gefeb406119 (webtiles) character file.

Game seed: 18088280117181299656

312 robertstho the Ruffian (level 6, -1/61 HPs)
             Began as a Troll Fighter on Oct 14, 2020.
             Slain by Grinder (2 damage)
             ... on level 4 of the Dungeon.
             The game lasted 00:03:49 (2864 turns).

robertstho the Ruffian (Troll Fighter)              Turns: 2864, Time: 00:03:50

Health: -1/61      AC:  6    Str: 26    XL:     6   Next: 18%
Magic:  5/5        EV:  2    Int:  5    God:
Gold:   204        SH: 19    Dex:  9    Spells: 5/5 levels left

rFire    . . .     SeeInvis .     - Unarmed
rCold    + . .     Faith    .   u - +5 tower shield of Cynicism {+Fly rPois MR+ Stlth-}
rNeg     . . .     Spirit   .   a - +0 robe
rPois    +         Reflect  .   (helmet restricted)
rElec    .         Harm     .   (no cloak)
rCorr    .         Rampage  .   (gloves unavailable)
MR       +....                  (boots unavailable)
Stlth    ..........             (no amulet)
HPRegen  0.60/turn              t - -4 ring of evasion (curse)
MPRegen  0.09/turn              m - ring of protection from cold

@: mighty
A: large, unfitting armour, claws 3, regeneration 1, shaggy fur 1, tough skin 3
a: Evoke Flight


You were on level 4 of the Dungeon.
You visited 1 branch of the dungeon, and saw 4 of its levels.

You collected 204 gold pieces.

Inventory:

Armour
 a - a +0 robe (worn)
 u - the +5 tower shield of Cynicism (worn) {+Fly rPois MR+ Stlth-}
   (You found it on level 4 of the Dungeon)

   It protects you from poison.
   It affects your resistance to hostile enchantments.
   It lets you fly.
   It makes you less stealthy.
Jewellery
 i - an uncursed ring of positive energy
 m - a ring of protection from cold (right claw)
 t - a cursed -4 ring of evasion (left claw)
Scrolls
 e - a scroll of enchant armour
 h - a scroll of enchant weapon {unknown}
 k - a scroll of fear {unknown}
 p - 2 scrolls of remove curse {unknown}
 r - a scroll of amnesia {unknown}
 s - a scroll of blinking
Potions
 c - a potion of might
 f - 2 potions of resistance
 g - a potion of haste
 j - a potion of brilliance
 l - 2 potions of invisibility {unknown}
 n - a potion of berserk rage {unknown}
 o - 3 potions of curing
 q - 2 potions of stabbing


   Skills:
 * Level 3.2 Fighting
 * Level 1.6 Armour
 + Level 3.3 Dodging
 + Level 0.2 Stealth
 + Level 2.9 Shields
 * Level 4.2 Unarmed Combat


You had 5 spell levels left.
You didn't know any spells.
Your spell library was empty.

Dungeon Overview and Level Annotations

Branches:
Dungeon (4/15)
 Temple: D:4-7

Altars:
Ashenzari
Fedhas
Sif Muna

Annotations:
D:4 Grinder


Innate Abilities, Weirdness & Mutations

You are too large for most types of armour.
You have claws for hands.
Your natural rate of healing is unusually fast.
You are covered in fur. (AC +1)
You have extremely tough skin. (AC +3)


Message History

Grinder hits you.
You writhe in agony.
Grinder hits you!
You writhe in agony.
Grinder hits you.
You writhe in agony.
Grinder hits you!
* * * LOW HITPOINT WARNING * * *
Grinder gestures at you. You resist with almost no effort.
Grinder gestures at you. You resist with some effort.
You can move again.
You feel very mighty all of a sudden. Grinder hits you!
* * * LOW HITPOINT WARNING * * *
Unknown command.
You barely miss Grinder.
Grinder is moderately wounded.
Grinder hits you!
* * * LOW HITPOINT WARNING * * *
You writhe in agony.
You die...

###....###.. ##
#######...........
..#####..........#......
................##......
##.........###.........
##.....[...## #.##......
#......†...# #.##......
...........####.########
##.....@.........
#....5....####..
#..............#
#.........##..
#...).....# ..
#.......... .
#......?..## .........##


You could see Grinder.

Vanquished Creatures
  A howler monkey (D:4)
  Jessica (D:2)
  An orc wizard (D:3)
  5 gnolls
  9 adders
  2 oozes
  A worm (D:3)
  A dart slug (D:2)
  2 leopard geckos
  5 orcs (D:3)
  A ball python (D:3)
  3 giant cockroaches
  9 goblins
  7 hobgoblins
  11 bats
  7 frilled lizards
  10 kobolds
  11 rats
87 creatures vanquished.

Notes
Turn   | Place    | Note
-------+----------+-------------------------------------------
     0 | D:1      | robertstho the Troll Fighter began the quest for the Orb.
     0 | D:1      | Reached XP level 1. HP: 22/22 MP: 0/0
    61 | D:1      | Reached XP level 2. HP: 27/29 MP: 1/1
   432 | D:1      | Reached XP level 3. HP: 35/36 MP: 2/2
  1400 | D:2      | Reached XP level 4. HP: 44/44 MP: 3/3
  1406 | D:2      | Reached skill level 1 in Armour
  1624 | D:2      | Found a blossoming altar of Fedhas.
  1694 | D:2      | Noticed Jessica
  1697 | D:2      | Killed Jessica
  1697 | D:2      | Reached skill level 3 in Unarmed Combat
  1782 | D:2      | Found a shimmering blue altar of Sif Muna.
  1830 | D:2      | You fall into a shaft and drop 2 floors!
  1885 | D:3      | Reached XP level 5. HP: 53/53 MP: 4/4
  2451 | D:3      | Found a broken altar of Ashenzari.
  2809 | D:4      | Got a scorched tower shield
  2813 | D:4      | Reached skill level 4 in Unarmed Combat
  2822 | D:4      | Reached XP level 6. HP: 50/61 MP: 5/5
  2839 | D:4      | Identified the +5 tower shield of Cynicism {+Fly rPois MR+
                  | Stlth-} (You found it on level 4 of the Dungeon)
  2848 | D:4      | Noticed Grinder
  2856 | D:4      | Paralysed by Grinder for 7 turns
  2864 | D:4      | HP: 1/61 [Grinder (9)]
  2864 | D:4      | Slain by Grinder

Illustrated notes

Levels and vault maps discovered:
D:1:      sevenhm_arrival_forest_fort_large_2, layout_basic
D:2:      layout_basic, lemuel_blue_sif_altar, fedhas_altar_2, uniq_jessica
D:3:      layout_loops_ring, ashenzari_conservatory_becter
D:4:      layout_rooms, kennysheep_orc_chapel, uniq_grinder

Skill      XL: |  1  2  3  4  5 |
---------------+----------------+-----
Armour         | 1 |  1.6
Fighting       | 3 |  3.2
Unarmed Combat | 3 4 |  4.2
Dodging        | 3 |  3.3
Stealth        | |  0.2
Shields        | |  2.9

Action                   |  1- 3 |  4- 6 || total
-------------------------+-------+-------++-------
Melee: Unarmed           |    86 |   192 ||   278
  Use: Scroll            |     1 |     6 ||     7
       Potion            |       |     1 ||     1
 Stab: Sleeping          |     1 |       ||     1
Armor: Robe              |    24 |    81 ||   105
Dodge: Dodged            |    21 |    65 ||    86
Block: Kite shield       |    38 |    72 ||   110

Table legend: (Time is in decaauts)
 A = Elapsed time spent in this place.
 B = Non-inter-level travel time spent in this place.
 C = Inter-level travel time spent in this place.
 D = Time resting spent in this place.
 E = Time spent auto-exploring this place.
 F = Levels seen in this place.
 G = Mean time per level.
                   A        B        C        D        E       F      G
               +--------+--------+--------+--------+--------+-----+--------+
         Total |   2867 |   2683 |    184 |      0 |   2128 |   4 |  716.8 |
       Dungeon |   2867 |   2683 |    184 |      0 |   2128 |   4 |  716.8 |
               +--------+--------+--------+--------+--------+-----+--------+

Top non-repeatable levels by time:
     D:2: 977 daAuts
     D:3: 913 daAuts
     D:1: 879 daAuts
     D:4: 98 daAuts
